 Dungeon Crawl Stone Soup version 0.30-a0-799-g109b55a442 (webtiles) character file.

Game seed: 5593373737116167963

93 Jeffwins the Sneak (level 4, -2/35 HPs)
             Began as a Human Wanderer on Feb 20, 2023.
             Killed by nerve-wracking pain
             ... invoked by Grinder
              (4 damage)
             ... while paralysed by Grinder
             ... on level 3 of the Dungeon.
             The game lasted 00:03:59 (2071 turns).

Jeffwins the Sneak (Human Wanderer)                 Turns: 2071, Time: 00:03:59

Health: -2/35      AC:  3    Str: 14    XL:     4   Next: 92%
Magic:  5/5        EV:  2    Int: 12    God:
Gold:   123        SH:  0    Dex: 13    Spells: 1/4 levels left

rFire   . . .      SeeInvis .    a - +3 dagger
rCold   . . .      Faith    .    (no shield)
rNeg    + . .      Spirit   .    e - +0 leather armour
rPois   .          Reflect  .    (no helmet)
rElec   .          Harm     .    (no cloak)
rCorr   .          Rampage  .    (no gloves)
Will    .....                    (no boots)
Stlth   +++                      (no amulet)
HPRegen 0.25/turn                N - ring of positive energy
MPRegen 0.09/turn                (no ring)

@: paralysed, mighty
A: no striking features
a: no special abilities


You were on level 3 of the Dungeon.
You visited 1 branch of the dungeon, and saw 3 of its levels.

You collected 123 gold pieces.


   Skills:
 - Level 3.0 Fighting
 * Level 2.3 Short Blades
 - Level 2.0 Staves
 + Level 5.2 Stealth
 + Level 0.6 Spellcasting
 * Level 1.9 Hexes
 * Level 1.3 Summonings
 + Level 0.0 Earth Magic


You had one spell level left.
You knew the following spells:

 Your Spells              Type           Power      Damage    Failure   Level
d - Tukima's Dance        Hex            5%         N/A       47%         3

Your spell library contained the following spells:

 Spells                   Type           Power      Damage    Failure   Level
 Summon Small Mammal      Summ           12%        N/A       22%         1
 Apportation              Tloc           0%         N/A       38%         1
 Necrotise                Necr           0%         1d4       38%         1
 Stone Arrow              Conj/Erth      0%         3d7       77%         3
 Animate Armour           Summ/Erth      4%         N/A       96%         4
 Summon Ice Beast         Ice/Summ       2%         N/A       96%         4
 Passage of Golubria      Tloc           0%         N/A       99%         4
 Summon Mana Viper        Hex/Summ       4%         N/A       99%         5
 Yara's Violent Unravell  Hex/Tmut       1%         3d3       100%        5
 Monstrous Menagerie      Summ           1%         N/A       100%        7
 Lehudib's Crystal Spear  Conj/Erth      0%         10d2      100%        8

Inventory:

Hand Weapons
 a - a +3 dagger (weapon)
 c - a +0 quarterstaff
Armour
 e - a +0 leather armour (worn)
 r - the +5 scale mail of Zealous Miracles {+Blink rElec rN+}
   (You found it on level 3 of the Dungeon)

   rElec:     It insulates you from electricity.
   rN:        It protects you from negative energy.
   +Blink:    It lets you blink.
Jewellery
 N - a ring of positive energy (left hand)
Scrolls
 b - a scroll of fear
 f - a scroll of acquirement {unknown}
 g - a scroll of magic mapping {unknown}
 h - a scroll of enchant armour {unknown}
 j - a scroll of fog {unknown}
 k - 2 scrolls of vulnerability {unknown}
 l - 2 scrolls of identify {unknown}
Potions
 d - 4 potions of might
 i - a potion of lignification {unknown}
 m - 2 potions of curing {unknown}
 n - a potion of flight {unknown}
 o - 3 potions of heal wounds {unknown}
 p - a potion of degeneration {unknown}
 q - a potion of magic {unknown}

Dungeon Overview and Level Annotations

Branches:
Dungeon (3/15)

Altars:

Annotations:
D:3 Grinder

#### ..# # #.#
####.##.########
.........5.....#
#@.......#
#######..# ##
#..# .# .# ##..#
. P# #...# #. ##
.♣.# #..##
.####P.♣♣P.#
#..#
...#..P♣P..#
#..# #....♣..P##
#..#


You could see Grinder.


Message History

You barely miss Grinder.
Grinder is moderately wounded.
You closely miss Grinder.
Grinder is moderately wounded.
Grinder barely misses you.
You barely miss Grinder.
Grinder is moderately wounded.
Grinder gestures at you. Pain shoots through your body!
Unknown command.
You puncture Grinder!
Grinder is heavily wounded.
Grinder hits you!
* * * LOW HITPOINT WARNING * * *
You writhe in agony.
* * * LOW HITPOINT WARNING * * *
Unknown command.
You hit Grinder.
Grinder is severely wounded.
Grinder gestures at you.
You suddenly lose the ability to move!
Grinder hits you.
* * * LOW HITPOINT WARNING * * *
Grinder blinks!
Grinder gestures at you. Pain shoots through your body!
* * * LOW HITPOINT WARNING * * *
Grinder gestures at you. Pain shoots through your body!
You die...

Skill      XL: |  1  2  3  4 |
---------------+-------------+-----
Short Blades   | 1 2 |  2.3
Hexes          | 1 |  1.9
Summonings     | 1 |  1.3
Fighting       | |  3.0
Staves         | |  2.0
Stealth        | |  5.2
Spellcasting   | |  0.6

Action                     |  1- 3 |  4- 6 || total
---------------------------+-------+-------++-------
  Melee: Dagger            |   114 |    87 ||   201
         Punch             |     1 |       ||     1
    Use: Potion            |       |     1 ||     1
   Stab: Sleeping          |     8 |     3 ||    11
 Armour: Leather armour    |    28 |    15 ||    43
  Dodge: Dodged            |    59 |    53 ||   112

Levels and vault maps discovered:
D:1:      eino_arrival_cavern_e, layout_basic, chequers_ecumenical_altar_simple
D:2:      layout_rooms, nicolae_eternal_life, minmay_box_of_dots
D:3:      layout_loops_ring, serial_forest, infiniplex_forest_clump_small,
          infiniplex_forest_straight_2, infiniplex_forest_lined_4_way,
          infiniplex_forest_clump_diagonal, infiniplex_forest_3_way,
          infiniplex_forest_clump_long, uniq_grinder

Notes
Turn   | Place    | Note
-------+----------+-------------------------------------------
     0 | D:1      | Jeffwins the Human Wanderer began the quest for the Orb.
     0 | D:1      | Jeffwins set off with the following items: a +3 dagger, a
                  | scroll of fear, a +0 quarterstaff, a potion of might, a +0
                  | leather armour.
     0 | D:1      | Reached XP level 1. HP: 18/18 MP: 1/1
    82 | D:1      | Reached skill level 1 in Short Blades
    82 | D:1      | Reached XP level 2. HP: 24/24 MP: 2/2
   113 | D:1      | Found a faded altar of an unknown god.
   290 | D:1      | Reached XP level 3. HP: 26/29 MP: 3/3
   435 | D:1      | Reached skill level 1 in Hexes
   899 | D:1      | Reached skill level 1 in Summonings
  1123 | D:2      | Reached XP level 4. HP: 27/35 MP: 4/4
  1127 | D:2      | Learned a level 3 spell: Tukima's Dance
  1303 | D:2      | Reached skill level 2 in Short Blades
  1856 | D:3      | Noticed a water moccasin
  1953 | D:3      | Identified the +5 scale mail of Zealous Miracles {+Blink
                  | rElec rN+}
  2050 | D:3      | Noticed Grinder
  2067 | D:3      | Paralysed by Grinder for 4 turns
  2070 | D:3      | HP: 2/35 [Grinder/nerve-wracking pain (7)]
  2071 | D:3      | Killed from afar by Grinder

Vanquished Creatures
  An adder (D:2)
  A worm (D:2)
  A dart slug (D:1)
  7 bats
  6 endoplasms
  3 giant cockroaches (D:1)
  11 goblins
  10 hobgoblins
  2 jackals (D:1)
  4 kobolds
  7 quokkas
  9 ball pythons
  3 frilled lizards
  5 rats
70 creatures vanquished.

Vanquished Creatures (others)
  A plant (D:3)
1 creature vanquished.

Grand Total: 71 creatures vanquished

Table legend: (Time is in decaauts)
 A = Elapsed time spent in this place.
 B = Non-inter-level travel time spent in this place.
 C = Inter-level travel time spent in this place.
 D = Time resting spent in this place.
 E = Time spent auto-exploring this place.
 F = Levels seen in this place.
 G = Mean time per level.
                   A        B        C        D        E       F      G
               +--------+--------+--------+--------+--------+-----+--------+
         Total |   2054 |   1986 |     68 |      0 |   1510 |   3 |  684.7 |
       Dungeon |   2054 |   1986 |     68 |      0 |   1510 |   3 |  684.7 |
               +--------+--------+--------+--------+--------+-----+--------+

Top non-repeatable levels by time:
     D:1: 1026 daAuts
     D:2: 798 daAuts
     D:3: 230 daAuts

Table legend:
 A = Non-vault XP
 B = Vault XP
 C = Vault XP percentage of total XP
 D = Non-vault monster count
 E = Vault monster count
 F = Vault count percentage of total count
                 A         B        C        D         E       F
            +---------+---------+-------+---------+---------+-------
      Total |     131 |       3 |   2.2 |      68 |       2 |   2.9
            +---------+---------+-------+---------+---------+-------
        D:1 |      61 |       0 |   0.0 |      34 |       0 |   0.0
        D:2 |      65 |       3 |   4.4 |      30 |       2 |   6.2
        D:3 |       5 |       0 |   0.0 |       4 |       0 |   0.0
            +---------+---------+-------+---------+---------+-------
